 Dungeon Crawl Stone Soup version 0.23-a0-319-gb40ba49 (webtiles) character file.

1148 MatthieuS the Magician (level 8, -1/91 HPs)
             Began as a Pale Draconian Wizard on Oct 14, 2018.
             Was an Initiate of Sif Muna.
             Slain by a spiny frog (4 damage)
             ... on level 6 of the Dungeon.
             The game lasted 00:25:19 (9526 turns).

MatthieuS the Magician (Pale Draconian Wizard)      Turns: 9526, Time: 00:25:19

Health: -1/91      AC: 24    Str:  9    XL:     8   Next: 15%
Magic:  0/15       EV:  2    Int: 22    God:    Sif Muna [......]
Gold:   312        SH:  0    Dex:  9    Spells: 9/17 levels left

rFire    . . .     SeeInvis +   e - staff of energy {!a}
rCold    . . .     Gourm    .   (no shield)
rNeg     + + +     Faith    .   (armour unavailable)
rPois    +         Spirit   .   (helmet currently unavailable)
rElec    .         Reflect  .   (cloak currently unavailable)
rCorr    .         Harm     .   (gloves currently unavailable)
MR       .....     NoTele   +   (boots currently unavailable)
Stlth    ++........             l - amulet of the acrobat
HPRegen  0.25/turn              z - ring of see invisible
MPRegen  0.14/turn              i - ring of wizardry

@: tree-form, very slightly contaminated, invisible
A: (breathe steam), unfitting armour, AC +6
a: Renounce Religion


You were on level 6 of the Dungeon.
You worshipped Sif Muna.
Sif Muna was noncommittal.
You were not hungry.
You were a tree.
You visited 1 branch of the dungeon, and saw 7 of its levels.

You collected 312 gold pieces.

Inventory:

Hand Weapons
 a - a +5 dagger of draining
   (You took it off a goblin on level 2 of the Dungeon)
Armour
 m - a +0 hat (melded)
Magical Staves
 e - an uncursed staff of energy (weapon) {!a}
   (You found it on level 3 of the Dungeon)
Jewellery
 i - a ring of wizardry (right branch)
   (You found it on level 1 of the Dungeon)
 l - an amulet of the acrobat (around neck)
   (You found it on level 4 of the Dungeon)
 z - a ring of see invisible (left branch)
   (You found it on level 1 of the Dungeon)
Wands
 d - a wand of iceblast (15)
   (You found it on level 2 of the Dungeon)
 f - a wand of polymorph (8)
   (You found it on level 6 of the Dungeon)
Scrolls
 b - 2 scrolls of remove curse {@r2}
 h - 3 scrolls of teleportation {@r4}
 o - 2 scrolls of amnesia
Potions
 j - 2 potions of flight
Comestibles
 n - 8 rations


   Skills:
 + Level 2.1 Fighting
 + Level 3.8 Dodging
 - Level 3.4 Stealth
 + Level 5.1 Spellcasting
 + Level 4.4 Conjurations
 - Level 1.3 Summonings
 - Level 1.0 Translocations
 * Level 3.3 Fire Magic
 + Level 3.2 Evocations


You had 9 spell levels left.
You knew the following spells:

 Your Spells              Type           Power        Failure   Level  Hunger
a - Magic Dart            Conj           ####         1%          1    None
b - Call Imp              Summ           ##......     3%          2    None
c - Blink                 Tloc           N/A          4%          2    None
d - Conjure Flame         Conj/Fire      ###.....     2%          3    None

Your spell library contained the following spells:

 Spells                   Type           Power        Failure   Level  Hunger
 Slow                     Hex            #.......     6%          2    None
 Mephitic Cloud           Conj/Pois/Air  ##......     6%          3    None


Dungeon Overview and Level Annotations

Branches:
Dungeon (7/15)             Temple (0/1) D:6

Altars:
Kikubaaqudgha
Sif Muna
Uskayaw
Wu Jian
The Shining One

Annotations:
D:3 2 transporters


Innate Abilities, Weirdness & Mutations

((You can breathe blasts of scalding, opaque steam.))
((Your pale cyan-grey scales are hard. (AC +6)))
You cannot fit into any form of body armour.
((You are cold-blooded and may be slowed by cold attacks.))


Message History

The spiny frog stings you.
* * * LOW HITPOINT WARNING * * *
The hippogriff bites you but does no damage.
The hippogriff pecks you but does no damage.
The hippogriff claws you.
* * * LOW HITPOINT WARNING * * *
Your crimson imp hits the hippogriff.
A beastly little devil appears in a puff of flame.
The spiny frog stings you.
* * * LOW HITPOINT WARNING * * *
The hippogriff closely misses your crimson imp.
The hippogriff pecks your crimson imp but does no damage.
The hippogriff claws your crimson imp.
Your crimson imp barely misses the hippogriff.
The spiny frog stings you but does no damage.
The hippogriff bites your crimson imp!
The hippogriff closely misses your crimson imp.
The hippogriff claws your crimson imp.
Your crimson imp dies!
Your crimson imp hits the spiny frog but does no damage.
The hippogriff screeches!
You hit the hippogriff but do no damage.
The spiny frog stings you but does no damage.
The hippogriff barely misses your crimson imp.
The hippogriff completely misses your crimson imp.
The hippogriff claws your crimson imp!
Your crimson imp hits the hippogriff but does no damage.
You closely miss the hippogriff.
The spiny frog stings your crimson imp!!
Your crimson imp dies!
The hippogriff completely misses you.
The hippogriff pecks you but does no damage.
The hippogriff claws you.
* * * LOW HITPOINT WARNING * * *
The spiny frog stings you but does no damage.
You cannot teleport because you are held in place by your roots.
You hit the hippogriff. The hippogriff bites you.
* * * LOW HITPOINT WARNING * * *
The hippogriff pecks you but does no damage.
The hippogriff claws you but does no damage.
The spiny frog stings you but does no damage.
A beastly little devil appears in a puff of frigid air.
The hippogriff bites you but does no damage.
The hippogriff pecks you but does no damage.
The hippogriff claws you but does no damage.
The spiny frog stings you but does no damage.
Okay, then.
As you read the scroll of fog, it crumbles to dust.
The scroll dissolves into smoke.
The spiny frog stings you.
You die...

#..(........# ##..#
#.....#....## #(.##
#....###...# #..# ##..###
###.## ##..# ##..## #..## #..##
##..## ##..# #########..# ..###
##§####..........# .##
#######§§§##...........### ##
###.....#§H♣§§.............. #
##........5F##§..............
###.........§#####.........####
#.............# #.........#
#.............# ##........#
#.............# #.......##
#.............# #......##
#.............# #.....##
#.............# ##...#.##


You could see a hippogriff, a spiny frog and a friendly white imp.

Vanquished Creatures
  A fire bat (D:6)
  2 ice beasts
  An ogre (D:4)
  A phantom (D:4)
  2 scorpions (D:5)
  A crimson imp (D:5)
  A jelly (D:6)
  A hound (D:6)
  An orc priest (D:5)
  2 orc wizards (D:5)
  2 worker ants (D:5)
  2 gnolls
  4 adders
  2 oozes
  A worm (D:2)
  4 dart slugs
  2 leopard geckos
  11 orcs
  8 bats
  9 giant cockroaches
  5 goblins
  7 hobgoblins
  7 jackals
  2 quokkas (D:2)
  6 frilled lizards
  9 kobolds
  A leopard gecko skeleton (D:5)
  A quokka skeleton (D:6)
  6 rats
102 creatures vanquished.

Vanquished Creatures (collateral kills)
  An ice beast (D:5)
  A centaur (D:6)
  A gnoll sergeant (D:6)
  A scorpion (D:5)
  A bullfrog zombie (D:6)
  An orc priest (D:3)
  An adder (D:2)
  3 gnolls (D:4)
  7 orcs
  2 hobgoblins (D:3)
19 creatures vanquished.

Grand Total: 121 creatures vanquished

Notes
Turn   | Place    | Note
-------+----------+-------------------------------------------
     0 | D:1      | MatthieuS the Draconian Wizard began the quest for the Orb.
     0 | D:1      | Reached XP level 1. HP: 14/14 MP: 4/4
   609 | D:1      | Reached XP level 2. HP: 20/20 MP: 1/6
   615 | D:1      | Learned a level 2 spell: Call Imp
  1141 | D:1      | Reached XP level 3. HP: 26/26 MP: 1/7
  1216 | D:1      | Learned a level 2 spell: Blink
  1220 | D:1      | Learned a level 3 spell: Conjure Flame
  2317 | D:2      | Reached XP level 4. HP: 33/33 MP: 3/9
  3196 | D:3      | Found a transporter.
  3602 | D:3      | Found a transporter.
  3729 | D:3      | Found an ancient bone altar of Kikubaaqudgha.
  4490 | D:3      | Found a glowing golden altar of the Shining One.
  4577 | D:4      | Noticed a phantom
  4618 | D:4      | Killed a phantom
  4618 | D:4      | Reached skill level 4 in Spellcasting
  4618 | D:4      | Reached XP level 5. HP: 19/38 MP: 1/11
  4912 | D:4      | Reached skill level 1 in Evocations
  5141 | D:4      | Noticed an ogre
  5154 | D:4      | Killed an ogre
  5154 | D:4      | Reached XP level 6. HP: 45/45 MP: 0/12
  5924 | D:5      | Entered Level 5 of the Dungeon
  6181 | D:5      | Found a hide-covered altar of Uskayaw.
  6966 | D:5      | Your scales start taking on a pale cyan-grey colour.
  6966 | D:5      | Reached XP level 7. HP: 50/50 MP: 5/13
  7110 | D:5      | Reached skill level 1 in Fire Magic
  7197 | D:5      | Reached skill level 1 in Fighting
  7361 | D:5      | Found a deep blue altar of Sif Muna.
  7604 | D:5      | Became a worshipper of Sif Muna the Loreminder
  8168 | D:6      | Found a staircase to the Ecumenical Temple.
  8396 | D:6      | Found a glowing golden altar of the Shining One.
  8487 | D:6      | Reached skill level 5 in Spellcasting
  8845 | D:6      | Found an ornate altar of the Wu Jian Council.
  8863 | D:6      | Noticed Eustachio
  8871 | D:6      | Noticed Eustachio
  8871 | D:6      | Eustachio changed into Eustachio the fire bat
  8881 | D:6      | Killed Eustachio the fire bat
  8881 | D:6      | Reached XP level 8. HP: 61/61 MP: 3/15
  9106 | D:7      | Noticed a hippogriff
  9511 | D:6      | Noticed a hornet
  9511 | D:6      | a spriggan baker changed into a hornet
  9513 | D:6      | Noticed a spiny frog
  9513 | D:6      | a hornet changed into a spiny frog
  9524 | D:6      | HP: 3/91 [hippogriff (5)]
  9526 | D:6      | Slain by a spiny frog

Vault maps used:
D:1:      matt_arrival_refuge
D:2:      minivault_23
D:3:      gammafunk_steamed_eel, tso_altar, nicolae_overflow_crystal_walls,
          minmay_misc_feat_plants
D:4:      first_ration
D:5:      kennysheep_mini, kennysheep_mini_moat, serial_rivers,
          chequers_serial_rivers_large_b, chequers_serial_rivers_marsh,
          chequers_serial_rivers_large_a, chequers_serial_rivers_micro_e
D:6:      overflow_temple_1_default, minmay_temple_entry_large_hall,
          basic_altar, uniq_eustachio
D:7:      lemuel_crystal_altar, old_standard_altar, serial_curves,
          eino_curves_03, eino_curves_02, the_bakery, uniq_duvessa

Skill      XL: |  1  2  3  4  5  6  7 |
---------------+----------------------+-----
Stealth        | 2 3 |  3.4
Dodging        | 2 3 |  3.8
Conjurations   | 2 3 4 |  4.4
Spellcasting   | 4 5 |  5.1
Evocations     | 1 2 3 |  3.2
Fire Magic     | 3 |  3.3
Fighting       | 2 |  2.1
Summonings     | |  1.3
Translocations | |  1.0

Action                   |  1- 3 |  4- 6 |  7- 9 || total
-------------------------+-------+-------+-------++-------
Melee: Unarmed           |    35 |       |       ||    35
       Tailslap          |     8 |     2 |     2 ||    12
       Staff             |       |    29 |    30 ||    59
 Cast: Magic Dart        |   101 |   182 |    57 ||   340
       Call Imp          |     5 |    26 |    26 ||    57
       Conjure Flame     |       |     1 |     2 ||     3
       Blink             |       |       |     4 ||     4
 Abil: Breathe Steam     |       |       |     2 ||     2
Evoke: Wand              |       |     1 |    11 ||    12
  Use: Scroll            |     1 |     4 |     8 ||    13
       Potion            |       |     3 |     2 ||     5
 Stab: Invisible         |       |     1 |       ||     1
       Sleeping          |       |       |     1 ||     1
  Eat: Chunk             |     4 |    10 |       ||    14
       Ration            |       |     2 |     2 ||     4
Armor: Skin              |    19 |    22 |    36 ||    77
Dodge: Dodged            |    62 |    73 |    72 ||   207

Table legend:
 A = Non-vault XP
 B = Vault XP
 C = Vault XP percentage of total XP
 D = Non-vault monster count
 E = Vault monster count
 F = Vault count percentage of total count
                 A         B        C        D         E       F
            +---------+---------+-------+---------+---------+-------
      Total |    1535 |     106 |   6.5 |     120 |       1 |   0.8
            +---------+---------+-------+---------+---------+-------
        D:1 |      53 |       0 |   0.0 |      27 |       0 |   0.0
        D:2 |      80 |       0 |   0.0 |      26 |       0 |   0.0
        D:3 |      62 |       0 |   0.0 |      21 |       0 |   0.0
        D:4 |     291 |       0 |   0.0 |      17 |       0 |   0.0
        D:5 |     672 |       0 |   0.0 |      20 |       0 |   0.0
        D:6 |     377 |     106 |  21.9 |       9 |       1 |  10.0
            +---------+---------+-------+---------+---------+-------
